 Dungeon Crawl Stone Soup version 0.29.1-13-g9f3cf754e1 (webtiles) character file.

Game seed: 6539805999824150834

35 Thatpatchoflichen the Shooter (level 3, 0/28 HPs)
             Began as a Human Hunter on Feb 9, 2023.
             Slain by a gnoll
             ... wielding a +0 flail
              (2 damage)
             ... on level 1 of the Dungeon.
             The game lasted 00:03:24 (1032 turns).

Thatpatchoflichen the Shooter (Human Hunter)        Turns: 1032, Time: 00:03:24

Health: 0/28       AC:  4    Str: 11    XL:     3   Next: 55%
Magic:  3/3        EV: 12    Int:  9    God:
Gold:   87         SH:  0    Dex: 18    Spells: 2/2 levels left

rFire   . . .      SeeInvis .   a - +0 shortbow
rCold   . . .      Faith    .   (shield currently unavailable)
rNeg    . . .      Spirit   .   c - +0 leather armour
rPois   .          Reflect  .   (no helmet)
rElec   .          Harm     .   (no cloak)
rCorr   .          Rampage  .   f - +0 pair of gloves
Will    .....                   (no boots)
Stlth   ++........              (no amulet)
HPRegen 0.09/turn               (no ring)
MPRegen 0.08/turn               (no ring)

@: no status effects
A: no striking features
a: no special abilities


You were on level 1 of the Dungeon.
You visited 1 branch of the dungeon, and saw 2 of its levels.

You collected 87 gold pieces.

Inventory:

Hand Weapons
 a - a +0 shortbow (weapon)
Armour
 c - a +0 leather armour (worn)
 f - a +0 pair of gloves (worn)
Scrolls
 b - a scroll of immolation
 d - a scroll of identify {unknown}
 e - a scroll of summoning {unknown}
Potions
 g - a potion of lignification {unknown}


   Skills:
 + Level 2.5 Fighting
 + Level 4.2 Ranged Weapons
 + Level 2.4 Dodging
 - Level 2.0 Stealth


You had 2 spell levels left.
You didn't know any spells.
Your spell library was empty.

Dungeon Overview and Level Annotations

Branches:
Dungeon (2/15)

Altars:


Message History

Press: ? - help, Q - select action Shift-Dir - straight line, f/p - gnoll
Aim: a gnoll, wielding a +0 flail (68% to hit)
You shoot an arrow.
The arrow hits the gnoll but does no damage.
You hear a shout!
Fire: a) +0 shortbow
Press: ? - help, Q - select action Shift-Dir - straight line, f/p - gnoll
Aim: a gnoll, wielding a +0 flail (68% to hit)
You shoot an arrow. The arrow barely misses the gnoll.
You hear a shout!
A gnoll comes into view. It is wielding a +0 spear.
The gnoll barely misses you.
The gnoll hits you from afar with a +0 halberd!
You climb upwards.
There is a stone staircase leading down here.
Fire: a) +0 shortbow
Press: ? - help, Q - select action Shift-Dir - straight line, f - gnoll
Aim: a gnoll, wielding a +0 flail (68% to hit)
You shoot an arrow. The arrow barely misses the gnoll.
The gnoll hits you with a +0 flail!
Unknown command.
Fire: a) +0 shortbow
Press: ? - help, Q - select action Shift-Dir - straight line, f/p - gnoll
Aim: a gnoll, wielding a +0 flail (68% to hit)
You shoot an arrow. The arrow hits the gnoll.
The gnoll is moderately wounded.
The gnoll barely misses you. The gnoll completely misses you.
Fire: a) +0 shortbow
Press: ? - help, Q - select action Shift-Dir - straight line, f/p - gnoll
Aim: a gnoll, wielding a +0 flail (moderately wounded, 68% to hit)
You shoot an arrow. The arrow hits the gnoll.
The gnoll is heavily wounded.
The gnoll hits you with a +0 flail!
* * * LOW HITPOINT WARNING * * *
Fire: a) +0 shortbow
Press: ? - help, Q - select action Shift-Dir - straight line, f/p - gnoll
Aim: a gnoll, wielding a +0 flail (heavily wounded, 68% to hit)
You shoot an arrow. The arrow closely misses the gnoll.
The gnoll hits you with a +0 flail.
You die...

# #.# #.###'###### #
############.## #.#(....[... #
#.............# #.#.########
#####.##########..####.#.......#.
#...[.# #.......#.#'#####.#.
......### #.#..####...#.....#.
###.....# #.#..# ##.########. #
##..#.######.#..####...........
#............@....#.##.###.'## #
##..#####.##.##g##.#.....<#.#..
###.#.# #.##.##.##.############
....#.#####.##.##.##.# #.#
........##...#.##.##.# #.#
###)#.............##.# #.#
#...###.##...#....##.# #.# #.###
#.###.###..>##.# #.# #.# #.#
#.####.###.# #.#


You could see a gnoll.

Vanquished Creatures
  A dart slug (D:1)
  2 endoplasms (D:1)
  2 giant cockroaches (D:1)
  A goblin (D:1)
  3 hobgoblins (D:1)
  6 jackals (D:1)
  3 kobolds (D:1)
  A quokka (D:1)
  4 ball pythons (D:1)
  3 bats (D:1)
  2 frilled lizards (D:1)
  2 rats (D:1)
30 creatures vanquished.

Notes
Turn   | Place    | Note
-------+----------+-------------------------------------------
     0 | D:1      | Thatpatchoflichen the Human Hunter began the quest for the
                  | Orb.
     0 | D:1      | Reached XP level 1. HP: 16/16 MP: 1/1
   128 | D:1      | Reached XP level 2. HP: 22/22 MP: 2/2
   400 | D:1      | Reached XP level 3. HP: 27/27 MP: 3/3
  1032 | D:1      | Slain by a gnoll

Illustrated notes

Levels and vault maps discovered:
D:1:      onia_arrival_mini_maze_b, layout_loops_ring
D:2:      layout_loops_corners, serial_forest, infiniplex_forest_clump_tiny,
          infiniplex_forest_end_2, infiniplex_forest_clump_long,
          infiniplex_forest_clump_diagonal, infiniplex_forest_end_1,
          infiniplex_forest_clump_double, nicolae_titane

Skill      XL: |  1  2  3 |
---------------+----------+-----
Stealth        | 2 |  2.0
Fighting       | |  2.5
Ranged Weapons | |  4.2
Dodging        | |  2.4

Action                   || total
-------------------------++-------
 Fire: Shortbow          ||    85
Armor: Leather armour    ||    15
Dodge: Dodged            ||    38
